 Dungeon Crawl Stone Soup version 0.23.2-33-g5129a83184 (webtiles) character file.

Game seed: 1557420949405175252

126 Revguard the Ogre Mage (level 5, 0/48 HPs)
             Began as an Ogre Fire Elementalist on July 13, 2019.
             Slain by a goblin (4 damage)
             ... led by Robin
             ... on level 3 of the Dungeon.
             The game lasted 00:15:40 (3170 turns).

Revguard the Ogre Mage (Ogre Fire Elementalist)     Turns: 3170, Time: 00:15:40

Health: 0/48       AC:  3    Str: 12    XL:     5   Next: 9%
Magic:  11/11      EV: 10    Int: 16    God:
Gold:   148        SH:  0    Dex: 10    Spells: 6/12 levels left

rFire    . . .     SeeInvis .   g - +0 club
rCold    . . .     Gourm    .   (no shield)
rNeg     . . .     Faith    .   a - +0 robe
rPois    .         Spirit   .   (helmet restricted)
rElec    .         Reflect  .   (no cloak)
rCorr    +         Harm     .   (gloves unavailable)
MR       .....                  (boots unavailable)
Stlth    ++........             f - amulet of magic regeneration
HPRegen  0.16/turn              j - ring of resist corrosion
MPRegen  0.37/turn              (no ring)

@: no status effects
A: large, unfitting armour, tough skin 1
a: no special abilities


You were on level 3 of the Dungeon.
You were hungry.

You visited 1 branch of the dungeon, and saw 3 of its levels.

You collected 148 gold pieces.

Inventory:

Hand Weapons
 g - a +0 club (weapon)
Missiles
 e - 7 large rocks (quivered)
Armour
 a - a +0 robe (worn)
Jewellery
 f - an amulet of magic regeneration (around neck)
 j - a ring of resist corrosion (left hand)
Scrolls
 d - 3 scrolls of identify
 h - a scroll of teleportation {unknown}
 i - 2 scrolls of amnesia {unknown}
Potions
 b - a potion of magic {unknown}
 k - a potion of flight {unknown}
 l - 2 potions of lignification {unknown}
Comestibles
 c - 5 rations


   Skills:
 * Level 1.4 Fighting
 * Level 1.0 Maces & Flails
 + Level 2.2 Dodging
 - Level 1.4 Stealth
 * Level 4.0 Spellcasting
 + Level 1.3 Conjurations
 + Level 0.1 Hexes
 + Level 3.4 Fire Magic


You had 6 spell levels left.
You knew the following spells:

 Your Spells              Type           Power        Failure   Level  Hunger
a - Flame Tongue          Conj/Fire      ##...        6%          1    None
b - Throw Flame           Conj/Fire      ##....       10%         2    ##.....
c - Inner Flame           Hex/Fire       #.......     24%         3    ###....

Your spell library contained the following spells:

 Spells                   Type           Power        Failure   Level  Hunger
 Conjure Flame            Conj/Fire      ##......     19%         3    ###....
 Sticky Flame             Conj/Fire      ##......     54%         4    ####...
 Fireball                 Conj/Fire      ##........   87%         5    ######.


Dungeon Overview and Level Annotations

Branches:
Dungeon (3/15)

Altars:
Makhleb


Innate Abilities, Weirdness & Mutations

You are too large for most types of armour.
You have tough skin. (AC +1)


Message History

The goblin hits you but does no damage. The goblin barely misses you.
The goblin hits you but does no damage. The goblin hits you with a +0 club.
* * * LOW HITPOINT WARNING * * *
The goblin hits you.
* * * LOW HITPOINT WARNING * * *
The goblin closely misses you.
The goblin hits you but does no damage. x2
The goblin closely misses you. The goblin hits you with a +0 club.
* * * LOW HITPOINT WARNING * * *
The goblin hits you.
* * * LOW HITPOINT WARNING * * *
The goblin hits you with a +0 club.
* * * LOW HITPOINT WARNING * * *
The goblin closely misses you. The goblin barely misses you.
The goblin hits you but does no damage. The goblin barely misses you.
The goblin hits you with a +0 club.
* * * LOW HITPOINT WARNING * * *
The goblin hits you but does no damage. The goblin barely misses you.
The goblin hits you.
You die...

### .. .. ... ....#.#
#.# #.#.#.#.# #g# #
#.#..)... #@# ...
#.#.#.#.# ##g###.g###
#.....#.# #.gg.ggg...
###.....#.## #..####..##
#..........#.##..####..#
#.#.....#..#...........#
#..#...##..####..#####.#
#...#.###.....#..##
............#.#...# ♣ ♣


You could see 4 goblins.

Vanquished Creatures
  A crimson imp (D:3)
  An adder (D:3)
  A gnoll (D:1)
  4 worms
  2 dart slugs (D:1)
  3 orcs (D:3)
  2 giant cockroaches
  7 goblins
  8 hobgoblins
  3 bats
  7 frilled lizards
  7 kobolds
  12 rats
58 creatures vanquished.

Vanquished Creatures (others)
  A plant (D:3)
1 creature vanquished.

Grand Total: 59 creatures vanquished

Notes
Turn   | Place    | Note
-------+----------+-------------------------------------------
     0 | D:1      | Revguard the Ogre Fire Elementalist began the quest for the
                  | Orb.
     0 | D:1      | Reached XP level 1. HP: 16/16 MP: 3/3
   449 | D:1      | Reached XP level 2. HP: 24/24 MP: 3/5
   455 | D:1      | Learned a level 2 spell: Throw Flame
   504 | D:1      | Reached skill level 1 in Conjurations
   772 | D:1      | Reached skill level 3 in Spellcasting
   779 | D:1      | Reached XP level 3. HP: 31/31 MP: 5/7
  1502 | D:2      | Learned a level 3 spell: Inner Flame
  1915 | D:2      | Reached XP level 4. HP: 40/40 MP: 2/9
  2143 | D:2      | Found a burning altar of Makhleb.
  2736 | D:3      | Reached skill level 1 in Fighting
  2821 | D:3      | Reached skill level 1 in Maces & Flails
  2821 | D:3      | Reached skill level 4 in Spellcasting
  2821 | D:3      | Reached XP level 5. HP: 11/48 MP: 9/11
  3170 | D:3      | Slain by a goblin

Skill      XL: |  1  2  3  4 |
---------------+-------------+-----
Fire Magic     | 3 |  3.4
Conjurations   | 1 |  1.3
Spellcasting   | 3 4 |  4.0
Dodging        | 2 |  2.2
Fighting       | 1 |  1.4
Maces & Flails | 1 |  1.0
Stealth        | |  1.4
Hexes          | |  0.1

Action                   |  1- 3 |  4- 6 || total
-------------------------+-------+-------++-------
Melee: Unarmed           |    10 |       ||    10
       Club              |    25 |    71 ||    96
Throw: Large rock        |    27 |    10 ||    37
 Cast: Flame Tongue      |    32 |    18 ||    50
       Throw Flame       |     4 |       ||     4
       Inner Flame       |     2 |       ||     2
  Use: Scroll            |     2 |       ||     2
       Potion            |     2 |       ||     2
  Eat: Chunk             |     3 |     4 ||     7
Armor: Robe              |    18 |    47 ||    65
Dodge: Dodged            |    44 |    81 ||   125
